 Dungeon Crawl Stone Soup version 0.17-a0-1830-g81820eb (webtiles) character file.

112 Medved the Sneak (level 4, 0/33 HPs)
             Began as a Mummy Assassin on Sept 13, 2015.
             Slain by a kobold (4 damage)
             ... on level 3 of the Dungeon.
             The game lasted 00:09:00 (4400 turns).

Medved the Sneak (Mummy Assassin)                   Turns: 4400, Time: 00:09:00

Health: 0/33       AC:  2    Str: 14    XL:     4   Next: 64%
Magic:  4/4        EV: 12    Int: 10    God:
Gold:   69         SH:  0    Dex: 14    Spells: 0 memorised, 3 levels left

rFire  x . .     SeeInvis .     a - +2 dagger
rCold  + . .     Clarity  .     (no armour)
rNeg   + + +     SustAt   .     (no shield)
rPois  ∞         Gourm    .     (no helmet)
rElec  .         Spirit   .     d - +0 cloak
rCorr  .         Warding  .     k - +0 pair of gloves
rMut   .         Stasis   .     (no boots)
MR     .....                    (no amulet)
Stlth  +++.......               (no ring)
                                (no ring)

@: not resistant to hostile enchantments, fairly stealthy
A: no food or potions, fire vulnerability, cold resistance 1, negative energy
resistance 3, torment resistance, unbreathing
a: no special abilities


You were on level 3 of the Dungeon.
You were not hungry.

You visited 1 branch of the dungeon, and saw 3 of its levels.

You collected 69 gold pieces.

Inventory:

Hand weapons
 a - a +2 dagger (weapon)
 b - a +0 blowgun
Missiles
 e - 8 poisoned needles
 f - 2 curare-tipped needles
Armour
 c - a +0 robe
 d - a +0 cloak (worn)
 k - a +0 pair of gloves (worn)
 l - a +0 leather armour
Jewellery
 i - an uncursed ring of protection from fire {unknown}
Scrolls
 g - 3 scrolls of enchant armour {unknown}
 h - 3 scrolls of identify {unknown}
 j - a scroll of recharging {unknown}
 m - a scroll of fear {unknown}
 n - a scroll of teleportation {unknown}
 o - a scroll of amnesia {unknown}
 p - a scroll of remove curse {unknown}


   Skills:
 + Level 2.2 Fighting
 * Level 1.9 Short Blades
 - Level 1.5 Throwing
 + Level 2.1 Dodging
 * Level 4.4 Stealth


You had 3 spell levels left.
You didn't know any spells.

Dungeon Overview and Level Annotations

Branches:
Dungeon (3/15)

Altars:

Annotations:
D:3 MordorOrchid's ghost, experienced FoFi


Innate Abilities, Weirdness & Mutations

You do not eat or drink.
Your flesh is vulnerable to fire.
You are immune to poison.
Your flesh is cold resistant.
You are immune to negative energy.
You are immune to unholy pain and torment.
You can survive without breathing.


Message History

You hit the hobgoblin.
The hobgoblin is heavily wounded.
The rat barely misses you. The kobold closely misses you.
You hit the hobgoblin but do no damage.
The hobgoblin is heavily wounded.
The hobgoblin hits you but does no damage.
The rat bites you. The kobold misses you.
You hit the kobold but do no damage. The hobgoblin hits you with a club.
The rat closely misses you. The kobold hits you.
You closely miss the kobold. The hobgoblin hits you with a club.
The rat bites you. The kobold hits you.
You barely miss the kobold. The hobgoblin hits you with a club.
The orc closely misses you.
You barely miss the kobold. The rat bites you.
* * * LOW HITPOINT WARNING * * *
The kobold misses you. The orc hits you with a whip.
* * * LOW HITPOINT WARNING * * *
The kobold hits you.
You die...

...#.## ...#.# ########
## ...#.# #....... .###
####.###...# #.####...#
...#.#.....# #......#.#
.....#.[.#.# #........#
##.....#...#
#........###
#####.#.######..K.......
#.#......'<@rg....#
#.#..#####..o.....#
#.#..# #.....#### #.#..#
.......... #.#..#
##.#####.## # ##.#### #.
.# . .... .. # ######.#
##. .#<....#


You could see an orc, a hobgoblin, a kobold and a rat.

Vanquished Creatures
  5 adders (D:2)
  An ooze (D:2)
  A worm (D:2)
  3 giant geckos (D:1)
  2 ball pythons (D:2)
  6 bats
  9 hobgoblins
  3 jackals (D:3)
  2 quokkas (D:2)
  3 giant cockroaches
  4 giant newts
  4 goblins
  6 kobolds
  8 rats
57 creatures vanquished.

Notes
Turn   | Place    | Note
--------------------------------------------------------------
     0 | D:1      | Medved the Mummy Assassin began the quest for the Orb.
     0 | D:1      | Reached XP level 1. HP: 16/16 MP: 1/1
   468 | D:1      | Reached XP level 2. HP: 16/22 MP: 2/2
  1089 | D:1      | Reached skill level 1 in Dodging
  1847 | D:1      | Reached XP level 3. HP: 25/27 MP: 3/3
  1975 | D:2      | Reached skill level 4 in Stealth
  2981 | D:2      | Reached XP level 4. HP: 20/33 MP: 4/4
  4187 | D:3      | Noticed MordorOrchid's ghost (experienced FoFi)
  4400 | D:3      | Slain by a kobold

Vault maps used:
D:1:      dpeg_arrival_round_a
D:2:      first_bread

Action                   |  1- 3 |  4- 6 || total
-------------------------+-------+-------++-------
Melee: Dagger            |   138 |    82 ||   220
 Stab: Sleeping          |     8 |       ||     8
       Distracted        |       |     1 ||     1
